 Dungeon Crawl Stone Soup version 0.31.0-11-ge490571c62 (webtiles) character file.

Game seed: 12692767448831904125

1018 browni3141 the Chopper (level 8, -6/70 HPs)
             Began as a Minotaur Fighter on Jan 29, 2024.
             Mangled by a wraith (8 damage)
             ... on level 6 of the Dungeon.
             The game lasted 00:01:52 (4084 turns).

browni3141 the Chopper (Minotaur Fighter)           Turns: 4084, Time: 00:01:53

Health: -6/70      AC: 11    Str: 24    XL:     8   Next: 2%
Magic:  7/7        EV:  8    Int:  5    God:
Gold:   10         SH:  5    Dex:  9    Spells: 7/7 levels left

rFire   . . .        a - +0 war axe
rCold   . . .        c - +0 buckler
rNeg    . . .        p - +0 chain mail
rPois   .            (helmet restricted)
rElec   .            l - +0 cloak
rCorr   +            (no gloves)
SInv    .            (no boots)
Will    .....        (no amulet) Stlth
                     k - ring of resist corrosion
HPRegen 0.31/turn    (no ring)
MPRegen 0.10/turn

%: no passive effects
@: no status effects
A: horns 2, retaliatory headbutt
a: no special abilities


You were on level 6 of the Dungeon.
You visited 1 branch of the dungeon, and saw 6 of its levels.

You collected 166 gold pieces.
You spent 156 gold pieces at shops.

Inventory:

Hand Weapons
 a - a +0 war axe (weapon)
Armour
 b - a +0 scale mail
 c - a +0 buckler (worn)
 l - a +0 cloak (worn)
 p - a +0 chain mail (worn)
Jewellery
 k - a ring of resist corrosion (left hand)
 t - a ring of willpower
Wands
 o - a wand of quicksilver (5)
 q - a wand of flame (29)
 w - a wand of polymorph (8)
Scrolls
 e - a scroll of blinking
 g - 3 scrolls of revelation
 i - 3 scrolls of fear
 j - 2 scrolls of amnesia
 m - a scroll of vulnerability
 r - a scroll of identify
 u - 2 scrolls of teleportation {unknown}
 x - a scroll of poison {unknown}
 A - 2 scrolls of immolation {unknown}
Potions
 d - 4 potions of might
 f - 2 potions of enlightenment {unknown}
 h - a potion of brilliance {unknown}
 n - 3 potions of heal wounds {unknown}
 s - a potion of lignification {unknown}
 v - 2 potions of curing
 z - a potion of ambrosia {unknown}


   Skills:
 + Level 6.1 Fighting
 * Level 7.4 Axes
 + Level 6.2 Armour
 + Level 6.1 Shields


You had 7 spell levels left.
You didn't know any spells.
Your spell library contained the following spells:

 Spells                   Type           Power      Damage    Failure   Level
 Apportation              Tloc           0%         N/A       97%         1
 Necrotise                Necr           0%         1d4       97%         1
 Sting                    Conj/Alch      0%         1d3       97%         1
 Summon Small Mammal      Summ           0%         N/A       97%         1
 Gell's Gravitas          Tloc           0%         N/A       100%        3
 Teleport Other           Tloc           0%         N/A       100%        3
 Tukima's Dance           Hex            0%         N/A       100%        3
 Dimensional Bullseye     Hex/Tloc       0%         N/A       100%        4
 Iskenderun's Mystic Bla  Conj/Tloc      0%         2d3       100%        4
 Dispersal                Tloc           0%         N/A       100%        6


Dungeon Overview and Level Annotations

Branches:
Dungeon (6/15)
 Temple: D:4-7

Altars:
Nemelex Xobeh
Uskayaw
Xom
Yredelemnul

Shops:
D:5 ?*!

Annotations:
D:3 1 runed translucent door


Innate Abilities, Weirdness & Mutations

You have a pair of horns on your head.
You reflexively headbutt those who attack you in melee.


Message History

Done exploring.
Done exploring.
No target in view!
Things that are here:
a +0 falchion; a +0 leather armour You see here a +0 dagger.
There is a stone staircase leading down here.
You climb downwards.
Found a scroll of identify and a glowing pink potion.
Found an escape hatch in the floor.
Found a stone staircase leading down.
There is a stone staircase leading up here.
No target in view!
z - a glowing pink potion No target in view!
r - a scroll of identify;
A - a scroll labelled OXZULOLUCK No target in view!
There is a stone staircase leading up here.
You pick up a book of Weapons and begin reading...
You add the spells Tukima's Dance, Dimensional Bullseye and Iskenderun's Mystic Blast to your library.
No target in view!
An orc comes into view. It is wielding a +0 dagger.
An orc is nearby!
An orc is nearby!
The orc hits you with a +0 dagger.
An orc is nearby!
You slash the orc!
You kill the orc!
HP restored.
Found a stone staircase leading up.
No target in view!
A - 2 scrolls labelled OXZULOLUCK (gained 1)
Found a stone staircase leading up.
No target in view!
A wraith and an orc priest come into view.
The orc priest shouts!
You hear a shout!
A wraith is nearby!
A bombardier beetle comes into view.
There are monsters nearby!
You closely miss the wraith. The wraith barely misses you.
There are monsters nearby!
You hit the wraith but do no damage. The wraith hits you!
The wraith drains your vigour!
You feel yourself slow down.
There are monsters nearby!
You barely miss the wraith. The wraith hits you.
The bombardier beetle sprays incendiary fluid at you.
The burning spray hits you.
You are covered in liquid fire!
The wraith hits you.
You are on fire!
You hit the wraith.
The wraith is lightly damaged.
The liquid fire burns you! The wraith hits you.
An orc comes into view. It is wielding a +0 short sword.
The wraith hits you but does no damage.
An orc comes into view. It is wielding a +0 hand axe.
The orc priest closely misses you. You furiously retaliate!
You headbutt the orc priest!
The orc shouts!
You slash the orc priest!
You kill the orc priest!
You barely miss the wraith. The liquid fire burns you!
The wraith hits you but does no damage.
You have reached level 8!
You feel stronger.
You shake off some of the fire as you move.
The liquid fire burns you! The wraith hits you but does no damage.
Things that are here:
a +0 club; a +0 leather armour
Aiming: Quicksilver Bolt
Press: ? - help, Shift-Dir - straight line, f - bombardier beetle
Aim: a bombardier beetle (83% to hit)
The bolt of dispelling energy hits the wraith.
The wraith is moderately damaged.
The bolt of dispelling energy misses the bombardier beetle.
The liquid fire burns you!
You hear a shout!
The wraith hits you but does no damage.
A centaur comes into view.
Aiming: Quicksilver Bolt
Press: ? - help, Shift-Dir - straight line, f/p - bombardier beetle
Aim: a bombardier beetle (83% to hit)
The bolt of dispelling energy hits the wraith!
The wraith is severely damaged.
The bolt of dispelling energy hits the bombardier beetle!
The bombardier beetle is severely wounded.
The bolt of dispelling energy hits the centaur!
The centaur is heavily wounded.
The liquid fire burns you!
You feel yourself speed up.
You hear an angry hiss.
The wraith hits you. The wraith barely misses you.
A jelly comes into view.
You hear an angry buzzing noise.
You shake off the liquid fire.
You hear a bellow!
The wraith attacks as it pursues you! The wraith hits you!
You die...

###.#.# ..# ...#.#...
J....... ...#..
#c.o.. #Bo#.# #
#.#.#.# # #W#..#....
#@....# ##.###.#
##..# #.#
..####..####.#
..........##.######.#
[##..####......<....#
#.. ####.######## #.
#.# # #######.#####


You could see a wraith, a centaur, a bombardier beetle and 2 orcs.

Vanquished Creatures
  Menkaure (D:4)
  An ice beast (D:5)
  A black bear (D:4)
  A phantom (D:3)
  2 scorpions
  A jelly (D:4)
  A bombardier beetle (D:4)
  A hound (D:4)
  3 orc priests
  Crazy Yiuf (D:2)
  A sleepcap (D:5)
  Ijyb (D:4)
  2 iguanas
  An orc wizard (D:3)
  7 adders
  2 ufetubi (D:5)
  2 ribbon worms
  3 dart slugs
  14 orcs
  8 ball pythons
  5 endoplasms
  5 giant cockroaches
  4 goblins
  7 hobgoblins
  4 jackals (D:2)
  2 quokkas
  7 bats
  4 frilled lizards
  A goblin zombie (D:3)
  10 kobolds
  A kobold skeleton (D:3)
  9 rats
113 creatures vanquished.

Notes
Turn   | Place    | Note
-------+----------+-------------------------------------------
     0 | D:1      | browni3141 the Minotaur Fighter began the quest for the
                  | Orb.
     0 | D:1      | Reached XP level 1. HP: 19/19 MP: 0/0
   105 | D:1      | Reached XP level 2. HP: 27/27 MP: 1/1
   147 | D:1      | Reached skill level 3 in Axes
   673 | D:1      | Reached XP level 3. HP: 28/33 MP: 2/2
   947 | D:2      | Found a faded altar of an unknown god.
  1142 | D:2      | Found a runed translucent door.
  1143 | D:2      | Noticed Crazy Yiuf
  1203 | D:2      | Reached XP level 4. HP: 40/40 MP: 3/3
  1432 | D:2      | Killed Crazy Yiuf
  1433 | D:2      | Reached skill level 4 in Axes
  1501 | D:3      | Found a runed translucent door.
  1501 | D:3      | Noticed a human
  1526 | D:3      | Found a basalt altar of Yredelemnul.
  1587 | D:3      | Reached XP level 5. HP: 28/47 MP: 4/4
  1720 | D:3      | Noticed a phantom
  1729 | D:3      | Killed a phantom
  1880 | D:3      | Reached skill level 5 in Axes
  1921 | D:3      | Found a sparkling altar of Nemelex Xobeh.
  2297 | D:4      | Reached XP level 6. HP: 38/55 MP: 5/5
  2301 | D:4      | Reached skill level 5 in Armour
  2368 | D:4      | Noticed Ijyb
  2372 | D:4      | Reached skill level 5 in Shields
  2381 | D:4      | Killed Ijyb
  2382 | D:4      | Reached skill level 5 in Fighting
  2627 | D:4      | Reached skill level 6 in Axes
  2665 | D:4      | Reached XP level 7. HP: 61/61 MP: 6/6
  3048 | D:4      | Noticed Menkaure
  3056 | D:4      | Killed Menkaure
  3281 | D:5      | Entered Level 5 of the Dungeon
  3369 | D:5      | Found Cassihil's Magic Scroll Boutique.
  3375 | D:5      | Bought a scroll of identify for 30 gold pieces
  3375 | D:5      | Bought a scroll of identify for 30 gold pieces
  3375 | D:5      | Bought a scroll of fear for 60 gold pieces
  3381 | D:5      | Found Lomuysof's General Store.
  3435 | D:5      | Found a hide-covered altar of Uskayaw.
  3441 | D:5      | Reached skill level 7 in Axes
  3583 | D:5      | Found Raihoij's Distillery.
  3667 | D:5      | Bought a potion of curing for 36 gold pieces
  3843 | D:5      | Found a shimmering altar of Xom.
  4073 | D:6      | Noticed a wraith
  4081 | D:6      | Reached XP level 8. HP: 26/70 MP: 7/7
  4083 | D:6      | HP: 1/70 [wraith (5)]
  4084 | D:6      | Mangled by a wraith

Illustrated notes

Levels and vault maps discovered:
D:1:      minmay_arrival_five_plusses, layout_loops_corners, hex_medium,
          chequers_serial_rivers_micro_d, serial_bayou_lagoon_a
D:2:      layout_rooms, hellmonk_ecumenical_altar_arch_garden,
          eino_tiny_chamber, uniq_crazy_yiuf_cottage
D:3:      layout_rooms, dk_yredelemnul_ordeal, nemelex_altar_shiori,
          minmay_misc_feat_nine_boxes, minmay_misc_feat_five
D:4:      layout_basic, minmay_misc_feat_square, uniq_menkaure, uniq_ijyb
D:5:      layout_loops_ring, nicolae_uskayaw_dance_hall, general_overflow_altar,
          serial_shops, shop, shop, nicolae_shop_industrial_runoff
D:6:      layout_loops_ring, mainiacjoe_overflow_divided_tiny,
          minmay_temple_entry_large_hall, minmay_manual_moon

Skill      XL: |  1  2  3  4  5  6  7 |
---------------+----------------------+-----
Axes           | 3 4 5 6 7 |  7.4
Armour         | 4 5 6 |  6.2
Fighting       | 4 5 6 |  6.1
Shields        | 4 5 6 |  6.1

Action                     |  1- 3 |  4- 6 |  7- 9 || total
---------------------------+-------+-------+-------++-------
  Melee: War axe           |    80 |   124 |    54 ||   258
         Headbutt          |    13 |    14 |     7 ||    34
  Evoke: Wand              |       |       |     2 ||     2
    Use: Scroll            |       |       |     4 ||     4
 Armour: Scale mail        |    61 |    58 |       ||   119
         Chain mail        |       |    44 |    57 ||   101
  Dodge: Dodged            |    54 |    45 |    30 ||   129
  Block: Buckler           |    17 |    22 |     8 ||    47
